 Dungeon Crawl Stone Soup version 0.30-b1-2-g02819fbbbe (webtiles) character file.

Game seed: 1272383710992875455

11 Alarkh the Shooter (level 2, 22/22 HPs)
             Began as a Demonspawn Hunter on July 7, 2023.
             Got out of the dungeon alive.
             The game lasted 00:00:19 (155 turns).

Alarkh the Shooter (Demonspawn Hunter)               Turns: 155, Time: 00:00:20

Health: 22/22      AC:  5    Str: 11    XL:     2   Next: 17%
Magic:  2/2        EV: 11    Int: 10    God:
Gold:   43         SH:  0    Dex: 16    Spells: 1/1 levels left

rFire   . . .        a - +0 shortbow
rCold   . . .        (shield currently unavailable)
rNeg    . . .        c - +0 leather armour
rPois   .            (no helmet)
rElec   .            (no cloak)
rCorr   .            (no gloves)
SInv    .            (no boots)
Will    .....        (no amulet)
Stlth   +            (no ring)
HPRegen 0.23/turn    (no ring)
MPRegen 0.08/turn

%: no passive effects
@: no status effects
A: molten scales 1
a: no special abilities


You escaped.
You visited 1 branch of the dungeon, and saw 1 of its levels.

You collected 43 gold pieces.

Inventory:

Hand Weapons
 a - a +0 shortbow (weapon)
Armour
 c - a +0 leather armour (worn)
Scrolls
 b - a scroll of immolation
Potions
 d - a potion of attraction {unknown}


   Skills:
 - Level 2.0 Fighting
 + Level 4.1 Ranged Weapons
 - Level 1.7 Dodging
 - Level 0.8 Stealth


You had one spell level left.
You didn't know any spells.
Your spell library was empty.

Dungeon Overview and Level Annotations

Branches:
Dungeon (1/15)

Altars:


Innate Abilities, Weirdness & Mutations

You are partially covered in molten scales. (AC +2)


Message History

You have reached level 2!
Your demonic ancestry asserts itself...
Molten scales grow over part of your body.
d - a dark potion You now have 43 gold pieces (gained 15).
A goblin comes into view. It is wielding a +0 club.
The goblin shouts!
A goblin is nearby!
You shoot an arrow. The arrow closely misses the goblin.
You shoot an arrow. The arrow barely misses the goblin.
You shoot an arrow. The arrow closely misses the goblin.
You shoot an arrow. The arrow hits the goblin.
You kill the goblin!
A rat comes into view.
The rat moves out of view.
No target in view!
You see here a rat corpse.
You see here a +0 club.
Found 5 stones.
A rat is nearby!
A rat is nearby!
You shoot an arrow. The arrow hits the rat!
You kill the rat!
No target in view!
An endoplasm comes into view.
Found a glowing marble ring.
An endoplasm is nearby!
An endoplasm is nearby!
You shoot an arrow. The arrow barely misses the endoplasm.
You shoot an arrow. The arrow barely misses the endoplasm.
You shoot an arrow. The arrow hits the endoplasm.
The endoplasm is almost dead.
You shoot an arrow. The arrow hits the endoplasm!
You kill the endoplasm!
No target in view!
Found an escape hatch in the floor.
Found 3 poisoned darts.
There is a staircase leading out of the dungeon here.
Are you sure you want to leave the Dungeon?
This will make you lose the game!
You have escaped!

##......###
#...# #.#
###........##
#♣.♣#
............#
♣.♣
##..........#
♣.♣
#...........#
♣.♣
............#
♣.♣
#...........#
♣.♣
###).......##
♣.♣
#..†.......#
♣@♣
#..........#
♣.♣
#..........#
♣.♣
#..........#
♣.♣
#..........#
♣.♣
##........##
♣.♣
##......##
♣.♣ ########
♣.♣


There were no monsters in sight!

Vanquished Creatures
  An endoplasm (D:1)
  A giant cockroach (D:1)
  2 goblins (D:1)
  2 jackals (D:1)
  A kobold (D:1)
  A ball python (D:1)
  2 rats (D:1)
10 creatures vanquished.

Notes
Turn   | Place    | Note
-------+----------+-------------------------------------------
     0 | D:1      | Alarkh the Demonspawn Hunter began the quest for the Orb.
     0 | D:1      | Reached XP level 1. HP: 16/16 MP: 1/1
    55 | D:1      | Reached skill level 4 in Ranged Weapons
    93 | D:1      | Gained mutation: You are partially covered in molten
                  | scales. (AC +2) [demonic ancestry]
    93 | D:1      | Reached XP level 2. HP: 22/22 MP: 2/2
   155 | D:$      | Got out of the dungeon alive.

Illustrated notes

Levels and vault maps discovered:
D:1:      eino_arrival_tree_alley, layout_rooms

Skill      XL: |  1 |
---------------+----+-----
Ranged Weapons | 4 |  4.1
Fighting       | |  2.0
Dodging        | |  1.7
Stealth        | |  0.8

Action                     || total
---------------------------++-------
   Fire: Shortbow          ||    25
 Armour: Leather armour    ||     1
  Dodge: Dodged            ||     1
